 Dungeon Crawl Stone Soup version 0.31.0-11-ge490571c62 (webtiles) character file.

Game seed: 1577614826561019975

17 Gadfly the Ruffian (level 2, -5/21 HPs)
             Began as a Demonspawn Shapeshifter on Jan 27, 2024.
             Slain by a kobold
             ... wielding a +2 dagger of venom
              (6 damage)
             ... on level 1 of the Dungeon.
             The game lasted 00:00:34 (427 turns).

Gadfly the Ruffian (Demonspawn Shapeshifter)         Turns: 427, Time: 00:00:34

Health: -5/21      AC:  2    Str: 14    XL:     2   Next: 44%
Magic:  2/2        EV: 12    Int: 10    God:
Gold:   18         SH:  0    Dex: 12    Spells: 1/1 levels left

rFire   . . .        b - +0 dagger (venom)
rCold   . . .        (no shield)
rNeg    . . .        a - +0 animal skin
rPois   .            (helmet currently unavailable)
rElec   .            (cloak currently unavailable)
rCorr   .            (gloves currently unavailable)
SInv    .            (boots currently unavailable)
Will    .....        (no amulet)
Stlth   +            (no ring)
HPRegen 0.23/turn    (no ring)
MPRegen 0.08/turn

%: no passive effects
@: lethally poisoned (-5 -> -15), beast-form
A: beast (slay +1), ignite blood 1
a: Begin Untransformation


You were on level 1 of the Dungeon.
You were a hulking beast.
You visited 1 branch of the dungeon, and saw 1 of its levels.

You collected 18 gold pieces.

Inventory:

Hand Weapons
 b - a +0 dagger of venom (weapon)
Armour
 a - a +0 animal skin (worn)
 g - a +0 pair of gloves
Talismans
 c - a beast talisman
 d - a flux talisman
Scrolls
 f - a scroll of blinking {unknown}
 i - a scroll of teleportation {unknown}
Potions
 e - 2 potions of lignification
 h - 2 potions of attraction {unknown}
 j - a potion of degeneration {unknown}


   Skills:
 + Level 1.2 Fighting
 * Level 2.1 Dodging
 + Level 2.8 Unarmed Combat
 * Level 1.0 Evocations
 + Level 2.7 Shapeshifting


You had one spell level left.
You didn't know any spells.
Your spell library was empty.

Dungeon Overview and Level Annotations

Branches:
Dungeon (1/15)

Altars:


Innate Abilities, Weirdness & Mutations

You are a hulking beast.
Your limbs bulge with bestial killing power. (Slay +1)
Your demonic aura sometimes causes spilled blood to erupt in flames.


Message History

No target in view!
No target in view!
There is an open door here.
You see here a +0 dagger. 2 ball pythons and a kobold come into view.
The kobold is wielding a +2 dagger of venom.
The ball python hisses angrily. x2
The ball python moves out of view.
There are monsters nearby!
Found 17 gold pieces.
The kobold shouts!
A hobgoblin comes into view.
The hobgoblin shouts!
The ball python bites you but does no damage.
The ball python closely misses you.
You barely miss the ball python. The ball python closely misses you. x3
The ball python grabs you. The ball python constricts you.
You closely miss the ball python. The ball python barely misses you.
The ball python closely misses you. The ball python constricts you.
You hit the ball python.
The ball python is severely wounded.
The ball python bites you. x2; The ball python constricts you.
You hit the ball python.
You kill the ball python!
The ball python closely misses you. The ball python grabs you.
The ball python constricts you.
The kobold hits you with a +2 dagger of venom.
You are poisoned.
The ball python completely misses you. The ball python constricts you.
You escape the ball python's grasp.
You feel very sick.
The kobold hits you with a +2 dagger of venom.
You are more poisoned.
* * * LOW HITPOINT WARNING * * *
You feel very sick.
* * * LOW HITPOINT WARNING * * *
You feel very sick. The kobold attacks as it pursues you!
The kobold hits you with a +2 dagger of venom.
You die...

..# ......$....# .## ...........#
.### ...........### ###### ...#
...........##. .#.... ...#
...........##.##.#.### ...#
.......†.........#.### ...#
#...S# #.#.#.#..
...###############.######.#.#.#.#
...............=hK........#.#.#.#
....###############.#....#..#.#.#
...##.............>.#.##.#.##.#.#
#####..#..#..#..#......#.#....#.#
...##...............#...>######.#
...##..............##.##........#
...##<............>##.##.########
...##.................##.#
...##...............#....#


You could see a kobold.

Vanquished Creatures
  4 goblins (D:1)
  3 hobgoblins (D:1)
  A kobold (D:1)
  2 ball pythons (D:1)
  A bat (D:1)
  A frilled lizard (D:1)
  5 rats (D:1)
17 creatures vanquished.

Notes
Turn   | Place    | Note
-------+----------+-------------------------------------------
     0 | D:1      | Gadfly the Demonspawn Shapeshifter began the quest for the
                  | Orb.
     0 | D:1      | Reached XP level 1. HP: 15/15 MP: 1/1
   145 | D:1      | Gained mutation: Your demonic aura sometimes causes spilled
                  | blood to erupt in flames. [demonic ancestry]
   145 | D:1      | Reached XP level 2. HP: 20/21 MP: 2/2
   387 | D:1      | Reached skill level 1 in Evocations
   427 | D:1      | HP: 1/21 [poisoned by a kobold]
   427 | D:1      | Slain by a kobold

Illustrated notes

Levels and vault maps discovered:
D:1:      lemuel_arrival_broad_hall, layout_basic

Skill      XL: |  1  2 |
---------------+-------+-----
Dodging        | 2 |  2.1
Evocations     | 1 |  1.0
Fighting       | |  1.2
Unarmed Combat | |  2.8
Shapeshifting  | |  2.7

Action                     || total
---------------------------++-------
  Melee: Dagger            ||    39
         Unarmed           ||     7
         Punch             ||     1
 Armour: Animal skin       ||    20
  Dodge: Dodged            ||    29
